 Dungeon Crawl Stone Soup version bcrawl-1.27.5 (console) character file.

Game seed: 17639899782623088303

166044 FIQ the Ruffian (level 4, 40/40 HPs)
             Began as a Troll Archaeologist on Aug 16, 2020.
             Was a Believer of Lugonu.
             Quit the game on level 2 of the Dungeon.
             The game lasted 00:02:18 (1304 turns).

FIQ the Ruffian (Troll Archaeologist)               Turns: 1304, Time: 00:02:19

Health: 40/40      AC:  6    Str: 20    XL:     4   Next: 33%
Magic:  3/3        EV: 10    Int: 11    God:    Lugonu [**....]
Gold:   54         SH:  0    Dex:  8    Spells: 3/3 levels left

rFire    . . .     SeeInvis .   a - +0 whip
rCold    . . .     Gourm    +   (no shield)
rNeg     . . .     Faith    .   (armour unavailable)
rPois    .         Spirit   .   b - +1 hat
rElec    .         Reflect  .   (no cloak)
rCorr    .         Harm     .   (gloves unavailable)
MR       .....                  (boots unavailable)
Stlth    ++........             (no amulet)
HPRegen  0.53/turn              (no ring)
MPRegen  0.08/turn              (no ring)

@: no status effects
A: large, almost no armour, claws 3, fast metabolism 3, gourmand, regeneration
1, AC +5
a: Depart the Abyss, Bend Space, Banish, Renounce Religion


You were on level 2 of the Dungeon.
You worshipped Lugonu.
Lugonu was pleased with you.
You were very full.

You visited 1 branch of the dungeon, and saw 2 of its levels.

You collected 54 gold pieces.

Inventory:

Hand Weapons
 a - a +0 whip (weapon)
Armour
 b - a +1 hat (worn)
Jewellery
 h - an uncursed amulet of guardian spirit
Scrolls
 c - a scroll of magic mapping
 g - a scroll of fear {unknown}
 j - a scroll of remove curse {unknown}
 k - 4 scrolls of teleportation {unknown}
Potions
 l - a potion of agility
Miscellaneous
 d - a dusty tome
Comestibles
 e - 5 rations {!d}
 f - 3 chunks of flesh


   Skills:
 - Level 0.7 Fighting
 - Level 1.0 Maces & Flails
 - Level 2.4 Dodging
 - Level 1.7 Stealth
 + Level 4.0 Unarmed Combat


You had 3 spell levels left.
You didn't know any spells.
Your spell library was empty.

Dungeon Overview and Level Annotations

Branches:
Dungeon (2/12)

Altars:
Ashenzari
Lugonu


Innate Abilities, Weirdness & Mutations

You cannot wear most types of armour.
Your thick skin is tough. (AC +5)
You are too large for most types of armour.
You have claws for hands.
Your metabolism is lightning-fast.
You like to eat raw meat.
Your natural rate of healing is unusually fast.


Message History

No target in view!
No target in view!
No target in view!
No target in view!
No target in view!
No target in view!
No target in view!
No target in view!
No target in view!
No target in view!
There is a faded altar of an unknown god here.
You cannot tell which god this altar belongs to.
Convert to them anyway?
Okay, then.
No path to travel!
You cannot tell which god this altar belongs to.
Convert to them anyway?
Lugonu accepts your prayer! Lugonu welcomes you!
You can now depart the Abyss.
You can now bend space around yourself.
You can now banish your foes.
Okay, then.
Are you sure you want to abandon this character and quit the game? (Confirm with "yes".)

## #.# .. ###.### ..
#######.[...# . #
...........#### ##
#.##...#......... ..
#............##.. ##
#....♣.......###.## #
#...♣.♣.......##..####
♣.@.♣.....<.##...#.
#..♣.♣......#........
#.=.♣.......#...≈≈≈≈≈
#.............≈≈≈≈≈≈≈
###.........≈≈≈≈≈≈≈≈≈
#######..≈≈≈≈≈≈≈≈≈≈
#..≈≈≈≈≈≈_≈≈≈
#.$≈≈≈≈≈≈≈≈≈≈
##$.≈≈≈≈≈≈≈≈≈
##..≈≈≈≈≈≈≈≈ .≈≈≈≈≈.


There were no monsters in sight!

Vanquished Creatures
  Robin (D:2)
  2 oozes (D:1)
  2 dart slugs (D:1)
  4 leopard geckos
  An orc (D:2)
  6 bats
  5 giant cockroaches
  14 goblins
  4 hobgoblins
  2 quokkas (D:2)
  6 frilled lizards
  6 kobolds
  5 rats
58 creatures vanquished.

Notes
Turn   | Place    | Note
-------+----------+-------------------------------------------
     0 | D:1      | FIQ the Troll Archaeologist began the quest for the Orb.
     0 | D:1      | Reached XP level 1. HP: 18/18 MP: 0/0
   180 | D:1      | Reached skill level 1 in Unarmed Combat
   242 | D:1      | Reached XP level 2. HP: 18/26 MP: 1/1
   270 | D:1      | Reached skill level 2 in Unarmed Combat
   470 | D:1      | Reached XP level 3. HP: 31/32 MP: 2/2
   624 | D:1      | Reached skill level 3 in Unarmed Combat
  1077 | D:2      | Noticed Robin
  1128 | D:2      | Killed Robin
  1128 | D:2      | Gained mutation: Your natural rate of healing is unusually
                  | fast. [Troll growth]
  1128 | D:2      | Reached XP level 4. HP: 7/40 MP: 3/3
  1229 | D:2      | Reached skill level 4 in Unarmed Combat
  1263 | D:2      | Found a shattered altar of Ashenzari.
  1285 | D:2      | Found a faded altar of an unknown god.
  1303 | D:2      | Became a worshipper of Lugonu the Unformed
  1303 | D:2      | Reached ** piety under Lugonu
  1304 | D:2      | Quit the game

Skill      XL: |  1  2  3  4 |
---------------+-------------+-----
Unarmed Combat | 1 2 3 4 |  4.0
Fighting       | |  0.7
Maces & Flails | |  1.0
Dodging        | |  2.4
Stealth        | |  1.7

Action                   |  1- 3 |  4- 6 || total
-------------------------+-------+-------++-------
Melee: Whip              |   191 |    47 ||   238
       Punch             |     3 |       ||     3
  Use: Scroll            |     3 |       ||     3
       Potion            |     2 |       ||     2
 Stab: Sleeping          |     2 |       ||     2
  Eat: Chunk             |    16 |     3 ||    19
Armor: Skin              |    77 |    18 ||    95
Dodge: Dodged            |   107 |    35 ||   142
